Map: Jagannatha LE

Players

JonSnow - Winner!

  • Race: Zerg Zerg
  • League: Grandmaster
  • Spawn Location: 7:00

Rhizer

  • Race: Protoss Protoss
  • League: Grandmaster
  • Spawn Location: 1:00

Event: DreamHack SC2 Masters 2020 Winter

VOD

Have the link to the VOD?

Description

Time

  • Played on: Oct. 17, 2020, 8:28 p.m.
  • Length: 8:27

All games in this series

Show
View Real Time Build Order
Export as new Build Order

JonSnow Zerg - Winner!

Build Orders: Hatch First 

Get SALT Encoding   

  12  0:01  Drone  
  13  0:13  Overlord  
  13  0:17  Drone  
  14  0:31  Drone x2  
  16  0:49  Hatchery  
  15  0:52  Drone  
  15  0:57  Drone  
  17  0:59  Drone  
  18  1:05  Extractor  
  17  1:15  Spawning Pool  
  16  1:19  Drone  
  16  1:21  Drone  
  18  1:30  Drone  
  20  1:40  Drone  
  20  1:51  Overlord  
  20  2:01  Queen x2  
  20  2:02  Zergling x2  
  20  2:04  Zergling x2  
  26  2:09  Metabolic Boost  
  26  2:13  Drone  
  27  2:19  Drone  
  27  2:22  Drone  
  29  2:24  Drone  
  30  2:39  Hatchery  
  30  2:42  Drone  
  30  2:45  Drone x2  
  32  2:52  Queen  
  32  2:57  Overlord  
  34  2:59  Drone  
  34  3:03  Drone  
  36  3:18  Zergling x4  
  36  3:19  Drone x4  
  42  3:27  Overlord  
  42  3:28  Queen  
  42  3:32  Spore Crawler  
  43  3:34  Drone  
  43  3:39  Overlord  
  44  3:45  Spore Crawler  
  44  3:48  Drone x4  
  47  3:52  Drone x2  
  49  4:03  Drone x4, Spore Crawler  
  52  4:10  Drone  
  52  4:11  Drone  
  52  4:12  Queen  
  52  4:14  Overlord  
  56  4:17  Overlord  
  56  4:20  Zergling x6  
  58  4:24  Drone x2  
  58  4:25  Drone  
  60  4:31  Spore Crawler  
  60  4:35  Lair  
  60  4:37  Extractor  
  59  4:38  Drone x2, Roach Warren  
  59  4:39  Extractor  
  57  4:47  Drone  
  57  4:48  Drone x6  
  57  4:50  Drone  
  64  4:52  Extractor  
  64  4:56  Overlord  
  64  4:57  Drone  
  64  4:58  Drone x3  
  64  4:59  Drone  
  68  5:03  Overlord  
  68  5:08  Overlord  
  68  5:16  Overlord  
  68  5:22  Zergling x6  
  71  5:31  Drone x8  
  71  5:33  Extractor  
  71  5:35  Drone x2, Extractor  
  76  5:38  Glial Reconstitution  
  76  5:41  Evolution Chamber  
  76  5:45  Drone x3, Hatchery  
  76  5:46  Spire  
  76  5:49  Drone  
  78  5:54  Overlord  
  78  5:58  Overlord  
  78  5:59  Drone  
  79  6:06  Overlord  
  79  6:08  Drone x2, Zerg Melee Weapons Level 1  
  79  6:10  Overlord x3  
  81  6:26  Roach x8  
  81  6:32  Overlord  
  95  6:57  Mutalisk x9  
  95  7:00  Zergling x2  
  114  7:05  Spine Crawler  
  114  7:06  Mutalisk, Spine Crawler  
  114  7:07  Spine Crawler  
  113  7:08  Drone x4  
  113  7:09  Zergling x14  
  123  7:22  Roach x4  
  131  7:29  Baneling Nest  
  130  7:40  Mutalisk x4  
  138  7:44  Zergling x22  
  138  7:46  Drone x3  
  138  7:49  Extractor x2  
  149  7:54  Mutalisk x2  
Show
View Real Time Build Order
Export as new Build Order

Rhizer Protoss 

Build Orders: 1 Gate Expand, Oracle Opening, Zealot Archon 

Get SALT Encoding   

  12  0:00  Probe  
  13  0:12  Probe  
  14  0:18  Pylon  
  14  0:24  Probe  
  15  0:37  Probe (Chrono Boost)  
  15  0:39  Gateway  
  16  0:46  Probe (Chrono Boost)  
  16  0:49  Assimilator  
  17  0:51  Probe (Chrono Boost)  
  18  1:03  Probe  
  19  1:15  Probe  
  19  1:17  Unknown  
  20  1:18  Unknown  
  20  1:19  Unknown  
  20  1:25  Nexus  
  20  1:35  Cybernetics Core  
  20  1:38  Probe  
  21  1:45  Assimilator  
  21  1:50  Probe  
  21  1:53  Pylon  
  22  2:02  Probe  
  23  2:09  Adept (Chrono Boost)  
  23  2:10  Probe  
  26  2:18  Probe  
  26  2:22  Stargate  
  27  2:29  Probe  
  27  2:32  Adept  
  27  2:34  Warp Gate  
  30  2:38  Probe  
  30  2:43  Probe  
  32  2:50  Probe  
  33  2:55  Probe  
  34  3:02  Probe  
  34  3:04  Oracle (Chrono Boost)  
  35  3:07  Probe  
  39  3:14  Probe  
  39  3:17  Gateway  
  39  3:19  Probe  
  41  3:20  Pylon  
  41  3:26  Probe  
  42  3:31  Probe, Oracle (Chrono Boost)  
  42  3:34  Pylon  
  46  3:38  Assimilator, Probe  
  46  3:41  Assimilator  
  47  3:43  Probe  
  48  3:50  Probe  
  48  3:51  Pylon  
  48  3:52  Void Ray (Chrono Boost)  
  50  3:55  Probe  
  50  4:02  Probe  
  55  4:07  Probe  
  56  4:12  Robotics Facility  
  56  4:14  Probe  
  57  4:19  Probe  
  57  4:23  Adept x2  
  62  4:26  Probe  
  61  4:32  Probe  
  62  4:41  Nexus  
  62  4:43  Probe  
  63  4:47  Probe  
  63  4:49  Pylon  
  64  4:53  Sentry x2  
  64  4:54  Pylon  
  64  4:55  Probe  
  70  5:00  Probe (Chrono Boost)  
  70  5:03  Forge  
  70  5:05  Twilight Council  
  70  5:08  Probe (Chrono Boost)  
  70  5:09  Observer  
  70  5:12  Probe (Chrono Boost)  
  73  5:17  Probe (Chrono Boost)  
  73  5:18  Probe (Chrono Boost)  
  75  5:22  Probe (Chrono Boost)  
  75  5:26  Shield Battery, Probe  
  77  5:29  Pylon  
  77  5:31  Immortal  
  77  5:34  Probe  
  82  5:38  Probe  
  82  5:39  Protoss Ground Weapons Level 1 (Chrono Boost)  
  83  5:45  Charge  
  83  5:46  Probe  
  84  5:50  Probe  
  85  5:58  Probe  
  85  5:59  Gateway  
  85  6:01  Probe  
  87  6:05  Gateway  
  87  6:08  Zealot, Templar Archives  
  87  6:10  Zealot, Probe, Immortal (Chrono Boost)  
  96  6:13  Probe x2  
  98  6:22  Probe  
  98  6:24  Assimilator  
  98  6:26  Assimilator  
  98  6:29  Probe  
  99  6:34  Gateway  
  99  6:36  Gateway  
  99  6:37  Probe  
  100  6:41  Pylon, Immortal (Chrono Boost)  
  100  6:43  Gateway  
  104  6:48  Psionic Storm  
  104  6:51  High Templar x2  
  106  6:58  Gateway  
  106  6:59  Gateway  
  106  7:10  High Templar x2  
  106  7:15  Warp Prism (Chrono Boost), Pylon  
  110  7:16  Pylon  
  110  7:17  Photon Cannon  
  110  7:18  Photon Cannon  
  110  7:20  Photon Cannon  
  112  7:25  High Templar x2  
  116  7:37  Gateway  
  116  7:39  Gateway  
  116  7:40  Nexus  
  116  7:41  Pylon  
  116  7:43  Photon Cannon  
  117  7:44  Observer  
  117  7:45  Photon Cannon  
  117  7:46  Archon  
  117  7:47  Archon  
  117  7:49  Photon Cannon  
  106  8:00  Stalker x3  
  106  8:01  Stalker  
  104  8:12  Probe  
  99  8:18  Zealot x4  
Tags
 
Add a new tag
Caveats
  • Supply blocks, unpowered buildings, or Contaminate may cause inaccurate times.
  • Supply counts are checked every 10 seconds.